[Event "FIDE World Rapid Chess Championship 2021"]
[White "Aditya, Mittal"]
[Black "Tang, Andrew"]
[WhiteFideId "35042025"]
[BlackFideId "2059630"]
[WhiteElo "1488"]
[BlackElo "2427"]
[Result "1/2-1/2"]
[Round "12"]
[TimeControl "900+10"]
[Date "2021.12.28"]
[WhiteClock "0:00:44"]
[BlackClock "0:00:26"]

1. d4 d5 2. c4 e6 3. Nc3 Nf6 4. cxd5 exd5 5. Bg5 Be7 6. e3 c6 7. Bd3 Nbd7 8. Qc2 Nf8 9. Nge2 Ne6 10. Bh4 g6 11. f3 O-O 12. O-O b5 13. Bf2 Bb7 14. Nf4 Nxf4 15. exf4 Bd6 16. f5 Nh5 17. Ne2 Qf6 18. g4 Nf4 19. Nxf4 Bxf4 20. Kg2 Rae8 21. Rae1 Bc8 22. h4 Bb8 23. Rh1 Bd7 24. Rxe8 Rxe8 25. h5 gxf5 26. Bxf5 Bxf5 27. Qxf5 Qxf5 28. gxf5 Bf4 29. Bg3 Bg5 30. f4 Bf6 31. Rc1 Rc8 32. Bf2 Kf8 33. Re1 a5 34. Kf3 a4 35. Re2 b4 36. h6 Rb8 37. b3 axb3 38. axb3 Ra8 39. Rc2 Ra6 40. Be1 Bxd4 41. Bxb4+ Ke8 42. Bd6 Rb6 43. Kg4 Rxb3 44. Be5 c5 45. Kg5 Rb6 46. Bxd4 cxd4 47. Rd2 f6+ 48. Kg4 Rb4 49. Rd3 Kd7 50. Kf3 Rc4 51. Ke2 Rc2+ 52. Kd1 Rh2 53. Rxd4 Kc6 54. Ra4 Rxh6 55. Kd2 Kb5 56. Ra8 Kc4 57. Ra4+ Kc5 58. Ra6 Kb5 59. Rd6 Kc4 60. Ke3 Rh3+ 61. Kd2 Kd4 62. Rxf6 Rh2+ 63. Ke1 Ke4 64. Re6+ Kxf4 65. f6 Rh5 66. Re2 Rh1+ 67. Kd2 Rf1 68. Re1 Rf2+ 69. Re2 Rf3 70. Re3 Rf2+ 71. Re2 1/2-1/2


[Site "http://www.Chess.com"]

[Event "FIDE World Rapid Chess Championship 2021"]
[White "Sadzikowski, Daniel"]
[Black "Kolosowski, Mateusz"]
[WhiteFideId "1132253"]
[BlackFideId "1129708"]
[WhiteElo "2414"]
[BlackElo "2371"]
[Result "0-1"]
[Round "12"]
[TimeControl "900+10"]
[Date "2021.12.28"]
[WhiteClock "0:00:29"]
[BlackClock "0:01:24"]

1. e4 e5 2. Nf3 Nc6 3. Bb5 Nge7 4. O-O g6 5. c3 a6 6. Ba4 Bg7 7. d4 exd4 8. cxd4 b5 9. Bb3 O-O 10. d5 Na5 11. Bd2 Nxb3 12. Qxb3 c5 13. dxc6 Nxc6 14. Bc3 Bh6 15. Bd2 Bg7 16. Nc3 d6 17. Nd5 Be6 18. Rad1 Na5 19. Qb4 Bxd5 20. exd5 Nc4 21. Bc3 Bxc3 22. Qxc3 Rc8 23. Nd4 Qf6 24. b3 Ne5 25. Qa5 Qf4 26. Qxa6 Ra8 27. Qxb5 Rxa2 28. h3 Rb2 29. Nc6 Ra8 30. Rd4 Qg5 31. Kh1 Kg7 32. Nxe5 Qxe5 33. Qd3 Rxb3 34. Qxb3 Qxd4 35. Qf3 Ra2 36. Kg1 Rd2 37. Rb1 Qxd5 38. Qxd5 Rxd5 39. h4 Kf6 40. g3 Re5 41. Kg2 h6 42. Kf3 g5 43. hxg5+ hxg5 44. Rb6 Ke6 45. Ra6 f5 46. Ra8 Rb5 47. Re8+ Kf7 48. Rd8 Rb3+ 49. Ke2 Ke7 50. Rg8 g4 51. Rg6 Rf3 52. Rh6 Kd7 53. Rh1 Ke6 54. Ra1 Ke5 55. Ra5+ d5 56. Ra8 Rb3 57. Ra4 Rb2+ 58. Ke1 d4 59. Ra8 Ke4 60. Rf8 Kd3 61. Kf1 Rb1+ 62. Kg2 Rb5 63. Rd8 Re5 64. Kf1 Kc3 65. Rc8+ Kd2 66. Ra8 d3 67. Rc8 Kd1 68. f3 d2 69. Kf2 Re2+ 70. Kf1 Re3 71. fxg4 Rf3+ 72. Kg2 fxg4 0-1


[Site "http://www.Chess.com"]

[Event "FIDE World Rapid Chess Championship 2021"]
[White "Kuzmicz, Krystian"]
[Black "Peng, Li Min"]
[WhiteFideId "1119125"]
[BlackFideId "14112620"]
[WhiteElo "2314"]
[BlackElo "2411"]
[Result "1-0"]
[Round "12"]
[TimeControl "900+10"]
[Date "2021.12.28"]
[WhiteClock "0:01:03"]
[BlackClock "0:00:19"]

1. e4 c5 2. d3 Nc6 3. g3 g6 4. Bg2 Bg7 5. f4 e6 6. Nf3 Nge7 7. O-O d6 8. c3 O-O 9. Be3 b6 10. Bf2 Qd7 11. Na3 Bb7 12. Nc2 Rac8 13. Re1 Rfe8 14. Qd2 h6 15. Rad1 f5 16. exf5 gxf5 17. d4 c4 18. Ne3 Nd8 19. Qe2 Nf7 20. Nd2 Bxg2 21. Nxg2 Nd5 22. Nxc4 Nf6 23. Nge3 b5 24. Nd2 d5 25. Nf3 Nd6 26. Ne5 Qb7 27. g4 fxg4 28. N3xg4 Nfe4 29. Kh1 Rf8 30. Rg1 Kh7 31. Rdf1 Rxf4 32. Be3 Rxf1 33. Qxf1 Nf5 34. Qg2 Rg8 35. Nf6+ Nxf6 36. Qg6+ Kh8 37. Nf7+ Qxf7 38. Qxf7 Ne4 39. Re1 Bf6 40. Bg1 Bh4 41. Rf1 Ng5 42. Qf6+ Kh7 43. Rxf5 Nh3 44. Qf7+ Rg7 45. Qxg7+ Kxg7 46. Rh5 Nxg1 47. Kxg1 Bg5 48. Rh3 Bc1 49. b3 Bb2 50. Rd3 Kf6 51. Kf2 a5 52. Ke2 b4 53. cxb4 axb4 54. Rf3+ Kg5 55. Kd3 h5 56. Re3 Kf5 57. Re5+ Kg4 58. Rxe6 Bc1 59. Re5 Bf4 60. h3+ 1-0


[Site "http://www.Chess.com"]

[Event "FIDE World Rapid Chess Championship 2021"]
[White "Lubczynski, Rafal"]
[Black "Baum, Jonasz"]
[WhiteFideId "1126091"]
[BlackFideId "1195360"]
[WhiteElo "2289"]
[BlackElo "2343"]
[Result "1/2-1/2"]
[Round "12"]
[TimeControl "900+10"]
[Date "2021.12.28"]
[WhiteClock "0:00:19"]
[BlackClock "0:00:10"]

1. Nf3 d5 2. c4 d4 3. e3 Nc6 4. exd4 Nxd4 5. Nxd4 Qxd4 6. Nc3 Nf6 7. d3 Bg4 8. Qb3 Qb6 9. Be3 Qxb3 10. axb3 a6 11. f3 Bd7 12. d4 e6 13. Kf2 h5 14. Ne4 Bc6 15. Ng5 Bd6 16. h4 Nh7 17. Ne4 Bxe4 18. fxe4 Nf6 19. e5 Ng4+ 20. Kf3 Be7 21. c5 f6 22. exf6 Bxf6 23. Bc4 e5 24. d5 e4+ 25. Kxe4 O-O-O 26. Bd4 Rhe8+ 27. Kd3 Bxd4 28. Kxd4 Ne3 29. Rac1 Nxd5 30. Bxd5 c6 31. Rce1 Rxd5+ 32. Kc4 Red8 33. Rhf1 Rd4+ 34. Kc3 Rd3+ 35. Kc2 Rd2+ 36. Kb1 Rxg2 37. Re7 Rd7 38. Rf8+ Kc7 39. Ree8 Rdd2 40. Re7+ Rd7 41. Ree8 Rdd2 42. Re7+ Rd7 1/2-1/2


[Site "http://www.Chess.com"]

[Event "FIDE World Rapid Chess Championship 2021"]
[White "Tologontegin, Semetey"]
[Black "Blanco Acevedo, Cristobal Jose"]
[WhiteFideId "13800574"]
[BlackFideId "3900525"]
[WhiteElo "2300"]
[BlackElo "2289"]
[Result "1-0"]
[Round "12"]
[TimeControl "900+10"]
[Date "2021.12.28"]
[WhiteClock "0:00:01"]
[BlackClock "0:00:26"]

1. d4 Nf6 2. Nc3 d5 3. Bf4 c6 4. e3 Nbd7 5. h3 g6 6. Nf3 Bg7 7. Bd3 O-O 8. O-O b5 9. a3 Nb6 10. e4 Nc4 11. Rb1 a6 12. Qc1 dxe4 13. Nxe4 Nd6 14. Ng3 Re8 15. Bh6 Bh8 16. Qg5 Nd5 17. Qh4 e6 18. Bg5 f6 19. Bd2 Nf5 20. Nxf5 exf5 21. b3 Be6 22. c4 Nb6 23. Ba5 Qb8 24. Rfe1 Nd7 25. Qh6 Bg7 26. Qd2 Bf8 27. Bb4 Bg7 28. d5 cxd5 29. cxd5 Bf7 30. Be7 Qb6 31. d6 Rac8 32. b4 Bf8 33. Bc2 Qc6 34. Bb3 Bxb3 35. Rxb3 Bxe7 36. dxe7 Nb6 37. Rd3 Nc4 38. Qf4 Qc7 39. Qd4 Kf7 40. Qd5+ Kg7 41. Nd4 Kh6 42. Ne6 Qxe7 43. Rd4 g5 44. Qxf5 Rc6 45. Rh4+ gxh4 46. Qf4+ Kh5 47. Qg4+ Kh6 48. Qxh4+ Kg6 49. Qg4+ Kh6 50. Qf4+ Kg6 51. Qe4+ Kh6 52. Qxc6 Ne5 53. Rxe5 fxe5 54. Nc7+ 1-0


[Site "http://www.Chess.com"]

[Event "FIDE World Rapid Chess Championship 2021"]
[White "Lopusiewicz, Piotr"]
[Black "Yunusov, Mukhammad"]
[WhiteFideId "1116029"]
[BlackFideId "14700930"]
[WhiteElo "2197"]
[BlackElo "1832"]
[Result "1-0"]
[Round "12"]
[TimeControl "900+10"]
[Date "2021.12.28"]
[WhiteClock "0:01:12"]
[BlackClock "0:00:36"]

1. d4 d5 2. c4 c6 3. Nf3 Nf6 4. cxd5 cxd5 5. Nc3 Nc6 6. Bf4 a6 7. Qb3 Na5 8. Qc2 g6 9. e3 Bf5 10. Bd3 Bxd3 11. Qxd3 Bg7 12. O-O O-O 13. h3 b5 14. a4 b4 15. Nb1 Qb6 16. Ne5 Rfc8 17. Nd2 Qb7 18. Rfc1 e6 19. Nb3 Nxb3 20. Qxb3 a5 21. Qd3 Nd7 22. Nxd7 Qxd7 23. Qb5 Qd8 24. Qb7 Rc4 25. b3 Rc3 26. Rxc3 bxc3 27. Qc7 Qxc7 28. Bxc7 Bf8 29. Rc1 Bb4 30. Rc2 f6 31. Kf1 Re8 32. Ke2 e5 33. dxe5 fxe5 34. f3 Kf7 35. e4 dxe4 36. fxe4 Ke6 37. Bb6 Rc8 38. Kd3 Rc6 39. Be3 Rc8 40. Re2 Rc7 41. Kc2 Rd7 42. Bf2 Rf7 43. Be1 Rc7 44. Re3 Rf7 45. Rf3 Rd7 46. Bxc3 Bxc3 47. Rxc3 Rd4 48. Rc6+ Kd7 49. Rc5 Rxe4 50. Rxa5 Re2+ 51. Kd3 Rxg2 52. Rxe5 Kd6 53. Re3 h5 54. Kc4 h4 55. Rd3+ Kc6 56. Rf3 g5 57. Rf6+ Kd7 58. a5 g4 59. hxg4 h3 60. Rh6 Rxg4+ 61. Kb5 Rg5+ 62. Kb6 Rg8 63. Rxh3 Kc8 64. Rc3+ Kb8 65. b4 Rg6+ 66. Rc6 Rg7 67. a6 Rb7+ 68. Ka5 Rg7 69. b5 Rf7 70. Rd6 Rf8 71. Kb6 Ka8 72. Kc7 Ka7 73. Rd7 Rf6 74. Rd6 Rf8 75. Kc6 Rc8+ 76. Kd5 Rc2 77. Rd7+ Ka8 78. b6 Rd2+ 79. Ke6 Rxd7 80. Kxd7 Kb8 81. Kc6 Ka8 82. b7+ Kb8 83. a7+ 1-0


[Site "http://www.Chess.com"]

[Event "FIDE World Rapid Chess Championship 2021"]
[White "Nakamura, Hikaru"]
[Black "Carlsen, Magnus"]
[WhiteFideId "2016192"]
[BlackFideId "1503014"]
[WhiteElo "2836"]
[BlackElo "2842"]
[Result "1/2-1/2"]
[Round "13"]
[TimeControl "900+10"]
[Date "2021.12.28"]
[WhiteClock "0:01:08"]
[BlackClock "0:02:41"]

1. d4 d5 2. c4 e6 3. Nf3 Nf6 4. Nc3 Be7 5. Bf4 O-O 6. e3 c5 7. dxc5 Bxc5 8. Qc2 Nc6 9. Rd1 Qb6 10. Be2 d4 11. exd4 Nxd4 12. Nxd4 Bxd4 13. O-O Bd7 14. Bf3 Rad8 15. b4 Bc6 16. Bxc6 bxc6 17. Ne2 e5 18. Nxd4 exd4 19. Bg5 Qxb4 20. Bxf6 gxf6 21. Qf5 Rfe8 22. Qxf6 Qd6 23. Qg5+ Qg6 24. f4 Qxg5 25. fxg5 Re5 26. Rf4 d3 27. Rd2 Rxg5 28. Rf3 Rd4 29. Rdxd3 Rxc4 30. Rg3 Rc5 31. Rxg5+ Rxg5 32. Ra3 a5 33. Rc3 Rb5 34. Rxc6 Rb2 35. a4 Rb4 36. Kf2 Rxa4 37. Ra6 h5 38. h4 Rf4+ 39. Ke3 Rf5 40. g3 Kg7 41. Ke4 Rb5 42. Kf4 f6 43. Ra7+ Kg6 44. Ke4 Rb4+ 45. Kf3 Rb3+ 46. Kf4 Ra3 47. Rc7 a4 48. Ra7 Ra2 49. Ra5 a3 50. Kf3 Ra1 51. Kf2 f5 52. Ra6+ Kf7 53. Kg2 Ke7 54. Ra5 Ke6 55. Kh2 Ra2+ 56. Kh3 Kf6 57. Ra8 Ke5 58. Ra4 Kd5 59. Rf4 Ke6 60. Rf3 Ke5 61. Re3+ Kd4 62. Rf3 Ke4 63. Rf4+ Ke3 64. Rxf5 Ra1 65. Kg2 Ra2+ 66. Kh3 1/2-1/2


[Site "http://www.Chess.com"]

[Event "FIDE World Rapid Chess Championship 2021"]
[White "Gukesh, D"]
[Black "Grischuk, Alexander"]
[WhiteFideId "46616543"]
[BlackFideId "4126025"]
[WhiteElo "2050"]
[BlackElo "2763"]
[Result "1/2-1/2"]
[Round "13"]
[TimeControl "900+10"]
[Date "2021.12.28"]
[WhiteClock "0:00:20"]
[BlackClock "0:00:49"]

1. d4 Nf6 2. c4 e6 3. Nf3 d5 4. Nc3 Be7 5. Bf4 O-O 6. e3 Nbd7 7. c5 Ne4 8. Nxe4 dxe4 9. Ne5 Nxe5 10. Bxe5 b6 11. Qg4 f6 12. Qxe4 Rb8 13. Bg3 bxc5 14. Bc4 cxd4 15. O-O-O Kh8 16. Qxd4 Qxd4 17. exd4 Rb6 18. Kb1 Bd6 19. Rhe1 Rd8 20. Bb3 Bb7 21. Rxe6 Bxg3 22. hxg3 Rxe6 23. Bxe6 Bxg2 24. Kc2 g6 25. Kc3 Kg7 26. d5 f5 27. Rd4 Rd6 28. Ra4 Bxd5 29. Bxd5 Rxd5 30. Rxa7 Rc5+ 31. Kd3 g5 32. b4 Rc1 33. Kd2 Rc4 34. Rb7 h5 35. Kd3 Rc1 36. Kd2 Rc4 37. Kd3 Rc1 38. Kd2 1/2-1/2


[Site "http://www.Chess.com"]

[Event "FIDE World Rapid Chess Championship 2021"]
[White "Vachier-Lagrave, Maxime"]
[Black "Fedoseev, Vladimir"]
[WhiteFideId "623539"]
[BlackFideId "24130737"]
[WhiteElo "2773"]
[BlackElo "2692"]
[Result "1/2-1/2"]
[Round "13"]
[TimeControl "900+10"]
[Date "2021.12.28"]
[WhiteClock "0:00:44"]
[BlackClock "0:01:10"]

1. e4 c6 2. d4 d5 3. e5 c5 4. Nf3 cxd4 5. Qxd4 Nc6 6. Qf4 g6 7. Nc3 d4 8. Bc4 Bf5 9. Ne2 Bh6 10. Qh4 Qa5+ 11. c3 Bxc1 12. Rxc1 d3 13. Ned4 Nxe5 14. Bb5+ Bd7 15. Nxe5 Bxb5 16. Rd1 Ba4 17. Qf4 f6 18. Nc4 Qd5 19. b3 e5 20. Qf3 Qxf3 21. Nxf3 Bc6 22. Rxd3 Ne7 23. Rd2 Rd8 24. Nd6+ Kf8 25. O-O Nd5 26. Ne4 Ke7 27. Rfd1 f5 28. c4 Nb4 29. Nd6 Bxf3 30. gxf3 b6 31. Nb5 Rxd2 32. Rxd2 Rd8 33. Rxd8 Kxd8 34. Nxa7 Kd7 35. a3 Nc2 36. Nb5 Ne1 37. f4 Nf3+ 38. Kg2 e4 39. b4 Nd2 40. c5 bxc5 41. bxc5 Nb3 42. Kf1 Kc6 43. Nd6 Nxc5 44. Nf7 Ne6 45. f3 exf3 46. Kf2 Nxf4 47. Kxf3 Ne6 48. h4 Kb5 49. h5 Ka4 50. hxg6 hxg6 51. Ne5 g5 52. Nf7 Nd4+ 53. Ke3 Nc2+ 54. Kd3 1/2-1/2


[Site "http://www.Chess.com"]

[Event "FIDE World Rapid Chess Championship 2021"]
[White "Karjakin, Sergey"]
[Black "Firouzja, Alireza"]
[WhiteFideId "14109603"]
[BlackFideId "12573981"]
[WhiteElo "2757"]
[BlackElo "2656"]
[Result "1-0"]
[Round "13"]
[TimeControl "900+10"]
[Date "2021.12.28"]
[WhiteClock "0:02:51"]
[BlackClock "0:00:21"]

1. d4 Nf6 2. c4 g6 3. Nc3 Bg7 4. e4 d6 5. Nf3 O-O 6. Be2 e5 7. dxe5 dxe5 8. Qxd8 Rxd8 9. Bg5 Na6 10. Nd5 Rd6 11. Bxf6 Bxf6 12. O-O-O Bg4 13. b4 c6 14. c5 cxd5 15. cxd6 dxe4 16. Ng1 Bxe2 17. Nxe2 Nxb4 18. Kb1 Nd3 19. Rhf1 Rd8 20. Nc3 Rxd6 21. Nxe4 Rb6+ 22. Ka1 Nb4 23. Nxf6+ Rxf6 24. Rd7 e4 25. f3 e3 26. Kb2 Rb6 27. Kc3 Nxa2+ 28. Kd4 Rb3 29. Re1 Rb2 30. Rxe3 Rd2+ 31. Rd3 Rxg2 32. Rxb7 Rxh2 33. Ra3 Rh4+ 34. f4 Rxf4+ 35. Ke3 Rb4 36. Rc7 Rb2 37. Raxa7 Kg7 38. Rxf7+ Kh6 39. Rxh7+ Kg5 40. Ra5+ Kf6 41. Ra6+ Kg5 42. Rg7 Nb4 43. Raxg6+ Kf5 44. Rg5+ Kf6 45. R7g6+ Kf7 46. Rd6 Nc2+ 47. Ke4 Rb4+ 48. Kd3 Ne1+ 49. Ke2 Re4+ 50. Kf2 Nc2 51. Rc5 Nb4 52. Rc7+ Re7 53. Rc4 Rb7 54. Re4 Rb5 55. Rh4 Ke7 56. Rhh6 Rd5 57. Rb6 Nd3+ 58. Ke3 Kd7 59. Rh7+ Kc8 60. Rc6+ Kb8 61. Rg6 Rd8 62. Rg5 Ne1 63. Rb5+ Kc8 64. Rc5+ Kb8 65. Rc3 Rf8 66. Rb3+ Kc8 67. Rc3+ Kb8 68. Rb3+ Kc8 69. Ke4 Ng2 70. Rc3+ Kb8 71. Rb3+ Kc8 72. Rc3+ Kb8 73. Rh2 Rf4+ 74. Ke5 Rg4 75. Kf5 Rg7 76. Rh8+ Kb7 77. Rh1 Rf7+ 78. Ke6 Rc7 79. Rb3+ Ka8 80. Ra1+ Ra7 81. Rxa7+ Kxa7 82. Kf5 Ne1 83. Ke4 Ng2 84. Rg3 Ne1 85. Ra3+ Kb6 86. Ra2 1-0


[Site "http://www.Chess.com"]

[Event "FIDE World Rapid Chess Championship 2021"]
[White "Rapport, Richard"]
[Black "Shevchenko, Kirill"]
[WhiteFideId "738590"]
[BlackFideId "14129574"]
[WhiteElo "2750"]
[BlackElo "2508"]
[Result "1-0"]
[Round "13"]
[TimeControl "900+10"]
[Date "2021.12.28"]
[WhiteClock "0:00:35"]
[BlackClock "0:00:22"]

1. e4 c5 2. Nf3 d6 3. Bd3 Nf6 4. O-O Nc6 5. Re1 a6 6. Bf1 g6 7. c3 Bg4 8. d3 Bg7 9. Be3 O-O 10. Nbd2 Rc8 11. h3 Bd7 12. a3 e5 13. b4 b6 14. Rb1 Qc7 15. Qb3 b5 16. Qb2 cxb4 17. axb4 a5 18. bxa5 Nxa5 19. d4 exd4 20. Bxd4 Nc6 21. Bxf6 Bxf6 22. Bxb5 Rb8 23. Qc2 Nb4 24. Rxb4 Rxb5 25. Rxb5 Bxb5 26. c4 Rc8 27. Qd3 Bxc4 28. Nxc4 Qxc4 29. Qxd6 Bc3 30. Re3 Bb4 31. Qd7 Qc7 32. Qxc7 Rxc7 33. Re2 Rc3 34. h4 Kg7 35. Rb2 Bc5 36. e5 Rc4 37. g3 Re4 38. Kg2 h6 39. Kf1 Kf8 40. Rc2 Bb6 41. Rc6 Rb4 42. Rc2 Ke7 43. Kg2 Rb5 44. g4 Rb4 45. Kg3 Rb3 46. h5 gxh5 47. gxh5 Kd7 48. Kg4 Bc7 49. Rd2+ Ke8 50. Nd4 Rb1 51. f4 Rg1+ 52. Kf3 Rf1+ 53. Ke4 Re1+ 54. Re2 Rf1 55. Rc2 Kd8 56. Nf5 f6 57. Nxh6 fxe5 58. Nf7+ Kd7 59. Nxe5+ Bxe5 60. Kxe5 Ke7 61. Rc7+ Kf8 62. f5 Rh1 63. Ke6 Kg8 64. Kf6 Rh2 65. Rb7 Rh1 66. Rg7+ Kh8 67. Ra7 Kg8 68. Kg6 Rg1+ 69. Kh6 Rf1 70. Kg5 Rg1+ 71. Kf6 Rh1 72. Ra8+ Kh7 73. Ke7 Re1+ 74. Kf8 Rf1 75. Ra5 Kh6 76. Ra6+ Kg5 77. h6 Rxf5+ 78. Kg7 Rb5 79. Ra7 Rb6 80. h7 Rg6+ 81. Kf8 Rh6 82. Kg8 1-0


[Site "http://www.Chess.com"]

[Event "FIDE World Rapid Chess Championship 2021"]
[White "Dubov, Daniil"]
[Black "Mitrabha, Guha"]
[WhiteFideId "24126055"]
[BlackFideId "5057000"]
[WhiteElo "2735"]
[BlackElo "2107"]
[Result "1/2-1/2"]
[Round "13"]
[TimeControl "900+10"]
[Date "2021.12.28"]
[WhiteClock "0:00:13"]
[BlackClock "0:00:22"]

1. d4 Nf6 2. Nf3 e6 3. c4 c5 4. d5 exd5 5. cxd5 d6 6. Nc3 g6 7. Nd2 b6 8. e4 Bg7 9. Bb5+ Bd7 10. Be2 O-O 11. O-O Qe7 12. Re1 Bc8 13. a4 Nfd7 14. f4 Na6 15. Nc4 Nb4 16. Bf3 Ba6 17. Nb5 Bxb5 18. axb5 a6 19. e5 dxe5 20. d6 Qe6 21. Nxe5 Nxe5 22. fxe5 Ra7 23. bxa6 Bxe5 24. Bh6 Rd8 25. Bb7 Rxd6 26. Qf3 Nc2 27. Rxe5 Qxe5 28. Rf1 Qe6 29. Qf2 g5 30. Bxg5 Qg6 31. Bf4 Rd7 32. Bb8 Raxb7 33. axb7 Rxb7 34. Be5 Re7 35. Bf6 Re6 36. Qf4 Qe4 37. Rd1 Nd4 38. Qg3+ Kf8 39. Qg7+ Ke8 40. Bxd4 cxd4 41. Qxd4 Qxd4+ 42. Rxd4 Rf6 43. g4 h6 44. Kg2 Kf8 45. Kg3 Kg7 46. h3 Kg6 47. Rd5 Kg7 48. b4 Rc6 49. Rb5 Rf6 50. Kh4 Re6 51. Kh5 Re3 52. Kh4 Re6 53. Rd5 Re4 54. b5 Rb4 55. Kh5 Rb1 56. h4 Rb4 57. Rf5 Rd4 58. g5 hxg5 59. Kxg5 Rd1 60. Kf4 Rd4+ 61. Kg5 Rd1 62. h5 Rg1+ 63. Kf4 Rd1 64. Ke5 Rd2 65. h6+ Kf8 66. Rf6 Ke7 67. Rxb6 Rh2 68. Rb7+ Kd8 69. Rb6 Ke7 70. Rb7+ Kd8 71. Rb6 1/2-1/2


[Site "http://www.Chess.com"]

[Event "FIDE World Rapid Chess Championship 2021"]
[White "Aronian, Levon"]
[Black "Matlakov, Maxim"]
[WhiteFideId "13300474"]
[BlackFideId "4168003"]
[WhiteElo "2728"]
[BlackElo "2652"]
[Result "1-0"]
[Round "13"]
[TimeControl "900+10"]
[Date "2021.12.28"]
[WhiteClock "0:00:58"]
[BlackClock "0:00:36"]

1. e4 e5 2. Nf3 Nc6 3. Bc4 Nf6 4. d3 Bc5 5. Nc3 d6 6. Na4 Bb6 7. a3 h6 8. O-O O-O 9. Re1 Re8 10. b4 Ne7 11. h3 Ng6 12. Bb3 c6 13. Nxb6 axb6 14. d4 exd4 15. Qxd4 Be6 16. Bb2 Qc7 17. Qc3 Rad8 18. Nd4 Bxb3 19. cxb3 Rxe4 20. Nf5 Re5 21. Qf3 Rxe1+ 22. Rxe1 Re8 23. Rd1 Re6 24. Nxh6+ gxh6 25. Bxf6 d5 26. Bd4 b5 27. g3 Qe7 28. h4 Re4 29. Qh5 Kh7 30. Be3 Qf8 31. Qf5 Re5 32. Qf3 Qe7 33. h5 Nf8 34. Bc5 Qe8 35. Bd4 Re1+ 36. Rxe1 Qxe1+ 37. Kh2 Qe6 38. Qf4 Nd7 39. a4 bxa4 40. bxa4 Kg8 41. Qc7 Nf6 42. Qd8+ Ne8 43. Qb8 Qd7 44. a5 Kh7 45. Qa7 Qg4 46. Qxb7 Nd6 47. Qa7 Qxh5+ 48. Kg2 Nb5 49. Qc5 Qf5 50. Be3 Qe4+ 51. f3 Qd3 52. Bf2 Na3 53. Qe3 1-0


[Site "http://www.Chess.com"]

[Event "FIDE World Rapid Chess Championship 2021"]
[White "Onyshchuk, Volodymyr"]
[Black "Mamedyarov, Shakhriyar"]
[WhiteFideId "14114038"]
[BlackFideId "13401319"]
[WhiteElo "2687"]
[BlackElo "2727"]
[Result "0-1"]
[Round "13"]
[TimeControl "900+10"]
[Date "2021.12.28"]
[WhiteClock "0:03:01"]
[BlackClock "0:04:06"]

1. e4 e5 2. Nf3 Nc6 3. Bb5 a6 4. Ba4 Nf6 5. O-O Nxe4 6. d4 b5 7. Bb3 d5 8. dxe5 Be6 9. Be3 Be7 10. c3 Qd7 11. Nbd2 Nxd2 12. Qxd2 Na5 13. Rfd1 Rd8 14. Nd4 O-O 15. Qd3 Nc4 16. Bxc4 bxc4 17. Qd2 c5 18. Ne2 Qc7 19. Bf4 Rd7 20. Qe3 Rfd8 21. Rd2 Qb6 22. Rad1 d4 23. Qg3 dxc3 24. Qxc3 Rd3 25. Qc1 h6 26. Be3 Bg4 27. Nf4 Bxd1 28. Nxd3 Rxd3 29. Qxd1 Qxb2 30. Rxd3 cxd3 31. Qxd3 Qa1+ 32. Qf1 Qxa2 33. h3 c4 34. Qd1 c3 35. Qd7 Bf8 36. Qc8 c2 37. Kh2 a5 38. f4 Qa3 39. Bd2 Qc5 0-1


[Site "http://www.Chess.com"]

[Event "FIDE World Rapid Chess Championship 2021"]
[White "Efimenko, Zahar"]
[Black "Giri, Anish"]
[WhiteFideId "14107201"]
[BlackFideId "24116068"]
[WhiteElo "2609"]
[BlackElo "2767"]
[Result "1/2-1/2"]
[Round "13"]
[TimeControl "900+10"]
[Date "2021.12.28"]
[WhiteClock "0:14:36"]
[BlackClock "0:14:36"]

1. Nf3 c5 2. c4 Nf6 3. d4 cxd4 4. Nxd4 e5 5. Nb5 d5 6. cxd5 Bc5 7. N5c3 O-O 8. g3 Ng4 9. e3 f5 10. Be2 Nd7 1/2-1/2


[Site "http://www.Chess.com"]

[Event "FIDE World Rapid Chess Championship 2021"]
[White "Salem, A.R. Saleh"]
[Black "Anton Guijarro, David"]
[WhiteFideId "9301348"]
[BlackFideId "2285525"]
[WhiteElo "2729"]
[BlackElo "2627"]
[Result "0-1"]
[Round "13"]
[TimeControl "900+10"]
[Date "2021.12.28"]
[WhiteClock "0:00:47"]
[BlackClock "0:00:19"]

1. d4 d5 2. c4 e6 3. Nc3 Bb4 4. a3 Bxc3+ 5. bxc3 Nf6 6. e3 c6 7. Bd3 O-O 8. Ne2 b6 9. cxd5 cxd5 10. c4 Ba6 11. cxd5 Bxd3 12. Qxd3 Qxd5 13. f3 Nc6 14. e4 Qa5+ 15. Kf2 Rfd8 16. Be3 Nxd4 17. Bxd4 e5 18. Qc3 exd4 19. Qxa5 bxa5 20. Rhd1 d3 21. Nf4 Rac8 22. Rxd3 Rxd3 23. Nxd3 Rc2+ 24. Kf1 g5 25. Rc1 Rd2 26. Ne5 Nh5 27. Ng4 Nf4 28. g3 Ne6 29. h4 gxh4 30. gxh4 Rd3 31. Kf2 Rxa3 32. h5 Ng5 33. Rc5 Nxf3 34. h6 Kf8 35. Nf6 Ke7 36. Nxh7 Nh4 37. Rc7+ Ke6 38. Nf8+ Kf6 39. e5+ Kg5 40. h7 Ra2+ 41. Kf1 Ra1+ 42. Ke2 Ra2+ 43. Kd1 0-1


[Site "http://www.Chess.com"]

[Event "FIDE World Rapid Chess Championship 2021"]
[White "Cheparinov, Ivan"]
[Black "Korobov, Anton"]
[WhiteFideId "2905540"]
[BlackFideId "14105730"]
[WhiteElo "2621"]
[BlackElo "2689"]
[Result "1/2-1/2"]
[Round "13"]
[TimeControl "900+10"]
[Date "2021.12.28"]
[WhiteClock "0:01:30"]
[BlackClock "0:02:47"]

1. d4 d5 2. c4 c6 3. Nf3 Nf6 4. Nc3 e6 5. Bg5 h6 6. Bh4 dxc4 7. e4 g5 8. Bg3 b5 9. Be2 Bb7 10. O-O Nbd7 11. Ne5 h5 12. Nxd7 Qxd7 13. Qc2 Be7 14. Rad1 Rd8 15. Be5 Rh6 16. h3 g4 17. h4 Nh7 18. Bg3 Nf8 19. b3 cxb3 20. Qxb3 a6 21. a4 b4 22. Na2 a5 23. Qe3 Rg6 24. Nc1 Bd6 25. Nb3 Qc7 26. Bxd6 Rxd6 27. e5 Rd8 28. Bd3 Rg8 29. Nc5 Ng6 30. Qg5 Bc8 31. Ne4 Rh8 32. Nf6+ Kf8 33. Nxh5 Qe7 34. Nf6 Nxh4 35. Qxg4 Nf5 36. Be4 b3 37. Rd3 Qb4 38. Qg5 b2 39. Nh7+ Ke8 40. Nf6+ Kf8 41. Nh7+ Ke8 1/2-1/2


[Site "http://www.Chess.com"]

[Event "FIDE World Rapid Chess Championship 2021"]
[White "Maghsoodloo, Parham"]
[Black "Sarana, Alexey"]
[WhiteFideId "12539929"]
[BlackFideId "24133795"]
[WhiteElo "2512"]
[BlackElo "2680"]
[Result "0-1"]
[Round "13"]
[TimeControl "900+10"]
[Date "2021.12.28"]
[WhiteClock "0:00:26"]
[BlackClock "0:04:00"]

1. e4 c5 2. Nf3 d6 3. d4 cxd4 4. Nxd4 Nf6 5. Nc3 a6 6. Bg5 e6 7. f4 Qb6 8. Nb3 Be7 9. Qf3 Qc7 10. O-O-O Nbd7 11. g4 b5 12. Bxf6 Bxf6 13. Bxb5 axb5 14. Nxb5 Qc6 15. Nxd6+ Kf8 16. Qd3 Ba6 17. Qd2 Nc5 18. Nxc5 Qxc5 19. e5 Be7 20. Rhe1 h5 21. f5 Bc4 22. Qf4 Bxa2 23. b4 Qc7 24. Rd3 hxg4 25. Nxf7 Rh5 26. fxe6 Kg8 27. Rd7 Qc3 28. Re3 Qxb4 29. Nh6+ Rxh6 30. Qf7+ Kh8 31. Rxe7 Qb1+ 32. Kd2 Rxh2+ 33. Re2 Qb4+ 34. Ke3 Ra3+ 0-1


[Site "http://www.Chess.com"]

[Event "FIDE World Rapid Chess Championship 2021"]
[White "Van Foreest, Jorden"]
[Black "Alekseenko, Kirill"]
[WhiteFideId "1039784"]
[BlackFideId "4135539"]
[WhiteElo "2563"]
[BlackElo "2637"]
[Result "1-0"]
[Round "13"]
[TimeControl "900+10"]
[Date "2021.12.28"]
[WhiteClock "0:00:23"]
[BlackClock "0:01:22"]

1. e4 e5 2. Nf3 Nc6 3. Bb5 a6 4. Ba4 d6 5. O-O Bd7 6. c3 Nge7 7. d4 Ng6 8. Be3 Be7 9. Re1 O-O 10. Nbd2 exd4 11. cxd4 Nb4 12. Bxd7 Qxd7 13. Nf1 d5 14. e5 Qb5 15. Ng3 a5 16. Nf5 Bd8 17. Qd2 Qd7 18. Ng3 Ra6 19. a3 Nc6 20. Qc2 a4 21. Nd2 f5 22. f4 Bh4 23. Rac1 Rb6 24. Nf3 Be7 25. Ne2 Ra6 26. Nc3 Nd8 27. g3 Ne6 28. h4 h5 29. Qd1 Nh8 30. Bf2 g6 31. Nd2 Nf7 32. Nf1 Nh6 33. Ne3 Ra5 34. Re2 Rfa8 35. Rd2 c6 36. Ne2 R5a6 37. Rd3 Rb6 38. Rc2 Rb5 39. Nc3 Rb3 40. Rcd2 b5 41. Na2 Rxd3 42. Rxd3 Bd8 43. Nc3 Ba5 44. Ne2 Qb7 45. Kg2 Kf7 46. Be1 b4 47. Qxa4 Qa6 48. Qd1 Rb8 49. Rb3 Rb7 50. axb4 Bd8 51. Ra3 Qb6 52. Qd3 Nc7 53. Rc3 Nb5 54. Rc1 Be7 55. Bd2 Ke6 56. Qc2 Rc7 57. Qa4 Ra7 58. Qb3 Qb7 59. Qd3 Qb6 60. Kh3 Ra2 61. Qc2 Ra6 62. Nxd5 cxd5 63. Qc8+ Kf7 64. Qh8 Bf8 65. Rc8 1-0


[Site "http://www.Chess.com"]